Map: Orbital Shipyard

Players

pod - Winner!

  • Race: Protoss Protoss
  • League: Gold

capac

  • Race: Terran Terran
  • League: Gold

VOD

Have the link to the VOD?

Description

Time

  • Played on: March 11, 2016, 12:01 p.m.
  • Length: 14:06
Show
View Real Time Build Order
Export as new Build Order

pod Protoss - Winner!

Build Orders: Nexus First 

Get SALT Encoding   

  12  0:01  Probe (Chrono Boost)  
  13  0:11  Probe (Chrono Boost)  
  14  0:18  Pylon  
  14  0:26  Pylon  
  14  0:27  Probe (Chrono Boost)  
  15  0:57  Nexus  
  15  1:07  Gateway  
  15  1:13  Assimilator  
  15  1:17  Probe (Chrono Boost)  
  16  1:28  Probe (Chrono Boost)  
  17  1:39  Probe (Chrono Boost)  
  18  1:49  Probe (Chrono Boost)  
  19  1:56  Cybernetics Core  
  19  1:58  Pylon  
  20  2:01  Probe (Chrono Boost)  
  20  2:03  Assimilator  
  19  2:15  Probe (Chrono Boost)  
  20  2:33  Mothership Core (Chrono Boost)  
  20  2:35  Probe (Chrono Boost)  
  23  2:39  Adept  
  25  2:52  Probe x2 (Chrono Boost)  
  26  3:08  Probe (Chrono Boost)  
  26  3:09  Probe (Chrono Boost)  
  28  3:18  Probe x2 (Chrono Boost)  
  28  3:19  Warp Gate (Chrono Boost)  
  30  3:27  Pylon  
  30  3:30  Probe, Robotics Facility  
  30  3:31  Probe  
  30  3:32  Gateway  
  32  3:42  Probe, Gateway  
  32  3:43  Pylon  
  33  3:48  Adept  
  33  3:52  Probe  
  36  4:01  Probe  
  37  4:11  Gateway  
  37  4:13  Gateway  
  37  4:14  Probe  
  37  4:15  Stalker  
  41  4:17  Observer  
  41  4:18  Probe  
  42  4:24  Assimilator  
  42  4:31  Probe  
  42  4:33  Probe  
  44  4:42  Probe  
  44  4:45  Probe  
  46  4:58  Probe  
  46  4:59  Probe  
  48  5:00  Twilight Council  
  48  5:08  Probe, Assimilator  
  48  5:11  Probe  
  50  5:15  Gateway  
  50  5:16  Immortal  
  50  5:17  Gateway  
  50  5:19  Probe, Pylon  
  55  5:23  Probe, Pylon  
  56  5:29  Probe  
  57  5:35  Probe  
  57  5:39  Resonating Glaives (Chrono Boost)  
  57  5:40  Probe  
  59  5:43  Adept  
  59  5:44  Adept  
  59  5:45  Adept  
  59  5:48  Probe  
  66  5:50  Probe  
  66  5:54  Warp Prism  
  69  5:59  Pylon  
  69  6:00  Probe  
  69  6:02  Adept  
  69  6:03  Adept, Pylon  
  74  6:25  Probe, Adept x4  
  78  6:26  Adept  
  78  6:27  Probe  
  86  6:35  Forge x2  
  86  6:36  Probe  
  86  6:38  Adept  
  86  6:39  Probe  
  90  6:43  Adept  
  92  6:51  Zealot  
  94  7:13  Immortal, Pylon  
  94  7:15  Pylon  
  88  7:17  Pylon  
  88  7:21  Adept x2  
  88  7:22  Adept  
  94  7:42  Adept x2  
  94  7:43  Adept x3  
  94  7:44  Adept x2  
  106  7:47  Protoss Ground Weapons Level 1 (Chrono Boost)  
  108  7:51  Protoss Ground Armor Level 1 (Chrono Boost)  
  108  8:06  Nexus  
  108  8:07  Pylon  
  108  8:11  Pylon  
  108  8:25  Probe  
  108  8:26  Templar Archives  
  109  8:29  Blink (Chrono Boost)  
  109  8:33  Adept  
  109  8:34  Adept x4  
  117  8:35  Stalker x2  
  123  8:55  Robotics Bay  
  123  8:56  Psionic Storm  
  123  9:04  Gateway  
  123  9:08  Gateway  
  123  9:12  High Templar, Gateway  
  123  9:13  High Templar x2  
  129  9:30  Assimilator  
  129  9:32  Adept  
  129  9:33  Adept  
  129  9:34  Adept  
  129  9:37  Assimilator  
  133  9:39  Protoss Ground Weapons Level 2 (Chrono Boost)  
  133  9:48  Protoss Ground Armor Level 2 (Chrono Boost)  
  133  10:13  Stalker x6  
  139  10:21  Probe x2  
  141  10:35  Stalker x2  
  145  10:37  Stalker x2  
  149  10:46  Dark Shrine  
  149  10:47  Pylon  
  149  10:49  Pylon  
  149  10:52  Pylon  
  149  11:05  Probe x2  
  149  11:11  Stalker x3  
  153  11:12  Stalker x4  
  153  11:13  Stalker  
  153  11:15  Nexus  
  153  11:18  Pylon  
  166  11:41  Stalker  
  166  11:42  Zealot x2, Stalker x2  
  166  11:43  Zealot x2  
  180  11:48  Charge  
  180  11:49  Probe  
  181  11:56  Robotics Facility  
  181  11:58  Observer Gravitic Boosters  
  181  12:01  Pylon  
  181  12:03  Pylon  
  181  12:07  Pylon  
  181  12:19  Probe  
  181  12:21  Gateway  
  182  12:22  Gateway  
  182  12:24  High Templar x4  
  182  12:25  High Templar  
  192  12:32  Nexus  
  192  12:43  Zealot x4  
  199  12:57  Probe  
  200  13:05  Pylon  
  200  13:07  Pylon  
  200  13:25  Photon Cannon  
  200  13:26  Photon Cannon  
  200  13:27  Photon Cannon  
  200  13:28  Photon Cannon  
  200  13:31  Photon Cannon  
  200  13:34  Photon Cannon x2  
  200  13:35  Photon Cannon  
Show
View Real Time Build Order
Export as new Build Order

capac Terran 

Build Orders: Bio Tank 

Get SALT Encoding   

  12  0:01  SCV  
  13  0:13  SCV  
  14  0:18  Supply Depot  
  14  0:25  SCV  
  15  0:39  SCV  
  15  0:40  Barracks  
  16  0:44  Refinery  
  16  0:51  SCV  
  17  1:03  SCV  
  18  1:16  SCV  
  19  1:28  SCV  
  19  1:32  Reaper  
  21  1:37  Command Center  
  21  1:46  Orbital Command  
  21  1:57  Supply Depot  
  21  2:05  Barracks Reactor  
  21  2:10  Barracks  
  21  2:14  SCV  
  22  2:26  SCV  
  23  2:34  Factory  
  23  2:51  Orbital Command  
  23  2:52  Marine x2  
  25  3:10  Marine  
  25  3:13  Barracks Tech Lab  
  25  3:17  SCV  
  25  3:19  Factory Tech Lab  
  26  3:20  Engineering Bay, Refinery  
  26  3:24  SCV  
  27  3:29  SCV  
  27  3:32  Starport, Marine, Refinery  
  27  3:33  Marine x2  
  31  3:37  SCV  
  32  3:41  SCV  
  33  3:49  SCV  
  33  3:52  Marine x2  
  33  3:53  Marine, SCV  
  38  3:56  Supply Depot  
  38  4:05  Siege Tank  
  41  4:12  Marine x2  
  41  4:13  Marine, Missile Turret  
  41  4:15  Starport Reactor  
  44  4:17  SCV x2  
  44  4:22  Supply Depot  
  44  4:23  Stimpack  
  46  4:30  SCV  
  46  4:31  SCV  
  48  4:36  Marine x3  
  51  4:40  Siege Tank  
  51  4:43  SCV  
  55  4:49  Supply Depot  
  55  4:58  Medivac  
  55  4:59  Medivac  
  59  5:00  SCV x2  
  59  5:05  Refinery, Marine  
  62  5:10  Marine x2  
  64  5:14  Supply Depot, SCV  
  64  5:15  SCV  
  64  5:20  Terran Infantry Weapons Level 1  
  66  5:24  Missile Turret  
  66  5:27  SCV x2  
  68  5:28  Marine  
  68  5:29  Marine  
  68  5:35  Marine, Medivac  
  70  5:36  Medivac  
  70  5:38  Supply Depot  
  75  5:46  Marine  
  75  5:47  Marine, SCV  
  75  5:48  SCV  
  79  5:53  Marine  
  80  6:01  Supply Depot  
  80  6:02  SCV x2  
  82  6:04  Marine x2  
  82  6:11  Marine  
  85  6:19  Siege Tank  
  85  6:21  SCV x2  
  85  6:22  Marine x2  
  85  6:23  Supply Depot  
  92  6:30  Engineering Bay, Marine  
  92  6:31  Armory  
  93  6:41  Barracks  
  93  6:45  Barracks  
  93  6:46  SCV x2  
  95  6:55  Barracks  
  77  7:18  Marine  
  77  7:19  Marine x2, Liberator x2  
  77  7:29  Barracks Reactor  
  77  7:34  Barracks Reactor  
  77  7:35  Barracks  
  83  7:37  Siege Tank  
  83  7:39  Command Center  
  86  7:46  Marine  
  86  7:47  Marine x2  
  86  7:48  Missile Turret  
  86  7:49  Barracks Reactor  
  89  7:55  Terran Infantry Weapons Level 2  
  89  7:56  Terran Infantry Armor Level 1  
  89  8:00  Supply Depot  
  89  8:02  Liberator x2  
  89  8:13  Siege Tank  
  98  8:32  Factory  
  98  8:40  Marine x2  
  98  8:41  Marine x6  
  102  8:44  Barracks Tech Lab  
  102  8:45  Missile Turret  
  106  8:50  Supply Depot  
  106  8:54  Supply Depot, Starport  
  106  8:56  Missile Turret  
  106  9:04  Orbital Command  
  106  9:06  Liberator x2  
  106  9:07  SCV x2  
  108  9:18  Siege Tank  
  108  9:19  SCV  
  118  9:25  Factory Tech Lab  
  118  9:31  SCV x3  
  120  9:34  Refinery x2  
  120  9:38  Marine x6  
  123  9:39  Marine  
  116  10:15  Marine x5  
  116  10:16  Marine x3  
  116  10:19  Marauder x2  
  116  10:20  Concussive Shells  
  128  10:21  Combat Shields  
  128  10:23  Siege Tank  
  128  10:24  Siege Tank  
  128  10:27  Starport Reactor  
  134  10:31  Supply Depot  
  134  10:32  SCV  
  135  10:58  Marine  
  135  10:59  Marine x5  
  135  11:00  Marine x2  
  135  11:02  Marauder x2  
  147  11:23  Marine x2  
  147  11:24  Marine x7  
  156  11:31  Command Center  
  156  11:51  Supply Depot  
  156  11:52  Marauder x2, Medivac x2  
  164  12:08  Medivac x2  
  168  12:19  Marine x4  
  168  12:20  Marine  
  173  12:27  Liberator  
  173  12:28  Liberator x3  
  173  12:40  Marine  
  173  12:41  Marine  
Tags
 
Add a new tag
Caveats
  • Supply blocks, unpowered buildings, or Contaminate may cause inaccurate times.
  • Supply counts are checked every 10 seconds.